 Dungeon Crawl Stone Soup version 0.22-a0-447-gee5f723 (webtiles) character file.

15750 nikopol the Thaumaturge (level 12, -8/62 HPs)
             Began as a Deep Elf Fire Elementalist on June 3, 2018.
             Was an Elder of Vehumet.
             Mangled by a seven-headed hydra (10 damage)
             ... on level 3 of the Lair of Beasts.
             The game lasted 00:44:12 (15012 turns).

nikopol the Thaumaturge (DEFE)                     Turns: 15012, Time: 00:44:13

Health: -8/62      AC:  5    Str:  9    XL:     12   Next: 4%
Magic:  29/32      EV: 15    Int: 26    God:    Vehumet [****..]
Gold:   824        SH:  0    Dex: 15    Spells: 23/40 levels left

rFire    + . .     SeeInvis .   D - +7 spear "Veniv" {pierce, +Rage rF+ Str+4}
rCold    . . .     Gourm    .   (no shield)
rNeg     . . .     Faith    .   a - +0 robe
rPois    .         Spirit   .   (no helmet)
rElec    .         Reflect  .   u - +0 cloak (curse)
rCorr    .         Harm     .   r - +0 pair of gloves
MR       +....                  g - +0 pair of boots
Stlth    +++.......             E - amulet of regeneration
HPRegen  0.60/turn              (no ring)
MPRegen  0.23/turn              (no ring)

@: about to teleport
A: no striking features
a: Renounce Religion, Evoke Berserk Rage


You were on level 3 of the Lair of Beasts.
You worshipped Vehumet.
Vehumet was greatly pleased with you.
You were not hungry.

You visited 2 branches of the dungeon, and saw 12 of its levels.

You collected 928 gold pieces.
You spent 104 gold pieces at shops.

Inventory:

Hand Weapons
 D - the +7 spear "Veniv" (weapon) {pierce, +Rage rF+ Str+4}
   (You found it on level 7 of the Dungeon)

   It inflicts extra damage upon your enemies.
   It affects your strength (+4).
   It protects you from fire.
   It lets you go berserk.
Armour
 a - a +0 robe (worn)
 g - a +0 pair of boots (worn)
 r - a +0 pair of gloves (worn)
 u - a cursed +0 cloak (worn)
Magical Staves
 L - an uncursed staff of air
Jewellery
 E - an amulet of regeneration (around neck)
 O - an uncursed ring of protection from cold {unknown}
Wands
 o - a wand of polymorph (34)
 p - a wand of iceblast (13)
 v - a wand of scattershot (7)
 y - a wand of disintegration (7)
 A - a wand of acid (6)
 C - a wand of clouds (5)
 K - a wand of paralysis (12)
Scrolls
 e - a scroll of fog {unknown}
 h - 6 scrolls of teleportation
 i - 3 scrolls of fear
 j - 5 scrolls of enchant armour
 k - a scroll of random uselessness {unknown}
 m - a scroll of blinking {unknown}
 q - 2 scrolls of immolation
 s - 2 scrolls of amnesia
 x - 5 scrolls of remove curse
 B - 2 scrolls of vulnerability {unknown}
 G - a scroll of noise {unknown}
 H - 2 scrolls of magic mapping {unknown}
 I - 2 scrolls of enchant weapon {unknown}
 J - a scroll of torment {unknown}
 N - a scroll of identify
Potions
 b - 3 potions of agility
 d - 11 potions of curing
 f - 3 potions of lignification
 l - 2 potions of flight
 n - 3 potions of ambrosia
 t - 4 potions of heal wounds
 w - a potion of berserk rage
 z - a potion of resistance
 F - 2 potions of brilliance {unknown}
 M - a potion of haste {unknown}
 Q - a potion of mutation {unknown}
Comestibles
 c - 30 rations
 P - 4 chunks of flesh


   Skills:
 + Level 1.6 Fighting
 + Level 4.7 Dodging
 + Level 5.1 Stealth
 + Level 14.7 Spellcasting
 + Level 11.0 Conjurations
 + Level 1.5 Translocations
 + Level 12.2 Fire Magic


You had 23 spell levels left.
You knew the following spells:

 Your Spells              Type           Power        Failure   Level  Hunger
a - Flame Tongue          Conj/Fire      #####        1%          1    None
b - Throw Flame           Conj/Fire      ######       1%          2    None
c - Conjure Flame         Conj/Fire      ######..     1%          3    None
d - Sticky Flame          Conj/Fire      ######..     1%          4    None
e - Fireball              Conj/Fire      ######....   1%          5    #......
h - Blink                 Tloc           N/A          2%          2    None

Your spell library contained the following spells:

 Spells                   Type           Power        Failure   Level  Hunger
 Magic Dart               Conj           ####         1%          1    None
 Slow                     Hex            ###.....     4%          2    None
 Mephitic Cloud           Conj/Pois/Air  #####...     1%          3    None
 Call Imp                 Summ           ###.....     4%          2    None
 Inner Flame              Hex/Fire       ######..     1%          3    None


Dungeon Overview and Level Annotations

Branches:
Dungeon (9/15)             Temple (0/1) D:5            Lair (3/6) D:9
 Shoals (0/4) Lair:2       Spider (0/4) Lair:3          Orc (0/2) D:9

Altars:
Fedhas
Hepliaklqana
Okawaru
Ru
Trog
Uskayaw
Vehumet
Wu Jian
Xom
Yredelemnul
The Shining One
Beogh

Shops:
D:5 !

Annotations:
D:3 exclusion: oklob plant
D:5 KristoblXynda's ghost, novice NaGl
D:6 Edmund


Message History

The seven-headed hydra is lightly wounded.
The seven-headed hydra is covered in liquid flames!
The seven-headed hydra burns!
The seven-headed hydra burns!
The seven-headed hydra bites you!
The seven-headed hydra closely misses you. x2
The seven-headed hydra bites you. The seven-headed hydra bites you!
The seven-headed hydra bites you but does no damage.
The seven-headed hydra bites you!
The seven-headed hydra burns!
As you read the scroll of teleportation, it crumbles to dust.
You feel strangely unstable.
The seven-headed hydra burns!
The seven-headed hydra burns!
The seven-headed hydra bites you!
* * * LOW HITPOINT WARNING * * *
The seven-headed hydra bites you!
* * * LOW HITPOINT WARNING * * *
The seven-headed hydra bites you but does no damage.
The seven-headed hydra bites you.
* * * LOW HITPOINT WARNING * * *
The seven-headed hydra bites you!
You die...

#........>..................
#...........................
#.######.#......##.#....P...
#. ######...#####...#.#...
###.###....# ##.##..#....
#..........# #.....# ..
#.....P....###.....# ....
##....##...........# P...
#P...###@..####.#+P# ....
###'###.D..## #..###....
#.#..###....####...#.#...
#..#....P#P.................
#P...........................
#P...........................
#.PP!...#..#.................
##P.#..##.##....##..รท.#...>..
#..... ..##....###.####....P


You could see a seven-headed hydra (burning).

Vanquished Creatures
  A hydra (Lair:2)
  2 two-headed ogres (D:9)
  Pikel (D:8)
  An ugly thing (D:9)
  A black mamba (Lair:1)
  A centaur zombie (D:9)
  5 spiny frogs
  3 komodo dragons (Lair:3)
  A troll (D:9)
  A polar bear (Lair:2)
  Prince Ribbit (D:5)
  Sigmund (D:5)
  6 hippogriffs
  2 wyverns
  Grum (D:8)
  16 yaks
  3 basilisks
  5 water moccasins
  2 porcupines
  2 ice beasts
  A black bear (D:9)
  3 orc warriors
  A slave (D:7)
  2 phantoms
  3 ogres
  7 wolves
  A necrophage (D:9)
  5 crocodiles
  3 centaurs
  9 bullfrogs
  A wyvern zombie (D:8)
  6 scorpions
  A howler monkey (D:6)
  A crimson imp (D:8)
  A jelly (D:5)
  A bullfrog skeleton (D:7)
  3 hounds
  7 orc priests
  5 orc wizards
  2 iguanas
  Terence (D:2)
  2 hell rats (Lair:2)
  7 worker ants
  A worker ant zombie (D:8)
  2 howler monkey skeletons
  8 river rats (Lair:2)
  16 adders
  2 shadow imps
  An ooze (D:3)
  An adder skeleton (D:9)
  2 dart slugs (D:1)
  3 worms
  7 leopard geckos
  58 orcs
  5 giant cockroaches
  7 goblins
  12 hobgoblins
  15 jackals
  4 quokkas
  4 bats
  4 frilled lizards
  8 kobolds
  A leopard gecko zombie (D:6)
  2 quokka skeletons
  17 rats
  A fungus (D:5)
310 creatures vanquished.

Vanquished Creatures (others)
  A bullfrog (D:8)
  5 fungi
  2 plants (Lair:2)
8 creatures vanquished.

Grand Total: 318 creatures vanquished

Notes
Turn   | Place    | Note
-------+----------+-------------------------------------------
     0 | D:1      | nikopol the Deep Elf Fire Elementalist began the quest for the Orb.
     0 | D:1      | Reached XP level 1. HP: 10/10 MP: 6/6
   296 | D:1      | Reached XP level 2. HP: 15/15 MP: 1/8
   777 | D:1      | Reached XP level 3. HP: 19/19 MP: 7/9
  1221 | D:2      | Learned a level 2 spell: Throw Flame
  1225 | D:2      | Learned a level 3 spell: Conjure Flame
  1412 | D:2      | Reached XP level 4. HP: 14/24 MP: 1/11
  1845 | D:2      | Reached skill level 5 in Fire Magic
  1905 | D:2      | Noticed Terence
  2252 | D:2      | Killed Terence
  2252 | D:2      | Reached XP level 5. HP: 28/28 MP: 0/12
  2471 | D:3      | Found a faded altar of an unknown god.
  2688 | D:3      | Found a blossoming altar of Fedhas.
  2714 | D:3      | Noticed an oklob plant
  2721 | D:3      | Learned a level 4 spell: Sticky Flame
  2844 | D:3      | Found a hazy altar of Hepliaklqana.
  2844 | D:3      | Found a faded altar of an unknown god.
  2849 | D:3      | Found an iron altar of Okawaru.
  2851 | D:3      | Found an ornate altar of the Wu Jian Council.
  2854 | D:3      | Found a bloodstained altar of Trog.
  2998 | D:3      | Reached skill level 4 in Spellcasting
  3506 | D:4      | Noticed a phantom
  3513 | D:4      | Killed a phantom
  3570 | D:4      | Reached XP level 6. HP: 31/32 MP: 7/14
  3619 | D:4      | Reached skill level 5 in Spellcasting
  3797 | D:4      | Learned a level 5 spell: Fireball
  4020 | D:4      | Reached XP level 7. HP: 13/36 MP: 1/17
  4305 | D:4      | Found a sacrificial altar of Ru.
  4516 | D:4      | Reached skill level 6 in Spellcasting
  4593 | D:5      | Entered Level 5 of the Dungeon
  4603 | D:4      | Found a glowing golden altar of the Shining One.
  4603 | D:4      | Found a radiant altar of Vehumet.
  4615 | D:4      | Became a worshipper of Vehumet
  4908 | D:5      | Noticed KristoblXynda's ghost (novice NaGl)
  5328 | D:6      | Noticed Edmund
  5536 | D:6      | Reached skill level 7 in Spellcasting
  5676 | D:6      | Reached XP level 8. HP: 40/41 MP: 12/20
  5741 | D:6      | Found a hide-covered altar of Uskayaw.
  5744 | D:6      | Found a basalt altar of Yredelemnul.
  6228 | D:5      | Found a staircase to the Ecumenical Temple.
  6345 | D:5      | Noticed Sigmund
  6464 | D:5      | Noticed Prince Ribbit
  6471 | D:5      | Killed Sigmund
  6471 | D:5      | Reached skill level 8 in Spellcasting
  6471 | D:5      | Reached skill level 5 in Conjurations
  6508 | D:5      | Killed Prince Ribbit
  6555 | D:5      | Found Mitwao's Distillery.
  6670 | D:5      | Bought a potion of curing for 39 gold pieces
  6670 | D:5      | Bought a potion of heal wounds for 65 gold pieces
  7562 | D:7      | Reached * piety under Vehumet
  7562 | D:7      | Offered knowledge of Freeze by Vehumet.
  7632 | D:7      | Reached skill level 9 in Spellcasting
  7745 | D:7      | Reached XP level 9. HP: 36/46 MP: 9/24
  7909 | D:7      | Got a fine spear
  7910 | D:7      | Identified the +7 spear "Veniv" {pierce, +Rage rF+ Str+4} (You found it on level 7 of the Dungeon)
  8319 | D:8      | Noticed Pikel
  8415 | D:8      | Noticed Grum
  8928 | D:8      | Reached ** piety under Vehumet
  8928 | D:8      | Offered knowledge of Sting by Vehumet.
  8953 | D:8      | Reached skill level 10 in Spellcasting
  9013 | D:8      | Learned a level 2 spell: Blink
  9058 | D:8      | Killed Grum
  9058 | D:8      | Reached skill level 1 in Fighting
  9357 | D:8      | Killed Pikel
  9644 | D:8      | Reached skill level 11 in Spellcasting
 10022 | D:9      | Noticed a two-headed ogre
 10029 | D:9      | Killed a two-headed ogre
 10029 | D:9      | Reached skill level 10 in Fire Magic
 10029 | D:9      | Reached XP level 10. HP: 52/52 MP: 12/27
 10276 | D:9      | Noticed a green ugly thing
 10278 | D:9      | Noticed a two-headed ogre
 10280 | D:9      | Killed a green ugly thing
 10620 | D:9      | Offered knowledge of Throw Frost by Vehumet.
 10765 | D:9      | Found a roughly hewn altar of Beogh.
 10765 | D:9      | Found a staircase to the Orcish Mines.
 10832 | D:9      | Found a staircase to the Lair.
 10858 | D:9      | Found a shimmering altar of Xom.
 10956 | D:9      | Reached skill level 12 in Spellcasting
 11368 | D:9      | Killed a two-headed ogre
 11487 | Lair:1   | Entered Level 1 of the Lair of Beasts
 11487 | Lair:1   | Noticed a black mamba
 11489 | Lair:1   | Reached skill level 5 in Stealth
 11493 | Lair:1   | Killed a black mamba
 11493 | Lair:1   | Reached *** piety under Vehumet
 11494 | Lair:1   | Reached XP level 11. HP: 19/56 MP: 9/29
 11957 | Lair:1   | Reached skill level 13 in Spellcasting
 12117 | Lair:1   | Reached skill level 1 in Translocations
 12435 | Lair:1   | Reached skill level 10 in Conjurations
 12916 | Lair:2   | Found a staircase to the Shoals.
 12926 | Lair:2   | Offered knowledge of Dazzling Spray by Vehumet.
 13297 | Lair:2   | Noticed an eight-headed hydra
 13302 | Lair:2   | Killed an eight-headed hydra
 13508 | Lair:2   | Reached skill level 14 in Spellcasting
 13607 | Lair:2   | Reached **** piety under Vehumet
 14034 | Lair:3   | Offered knowledge of Irradiate by Vehumet.
 14580 | Lair:3   | Reached XP level 12. HP: 49/61 MP: 32/32
 14711 | Lair:3   | Found a hole to the Spider Nest.
 15001 | Lair:3   | Noticed a seven-headed hydra
 15012 | Lair:3   | HP: 2/62 [seven-headed hydra (2)]
 15012 | Lair:3   | Mangled by a seven-headed hydra

Vault maps used:
D:1:      minmay_arrival_shattered_statue
D:2:      serial_curves, eino_curves_01, eino_curves_01, uniq_terence
D:3:      chequers_temple_overflow_minitemple, tgw_fedhas,
          chequers_ecumenical_altar_simple_redux, minmay_misc_feat_pillars
D:4:      hangedman_ru_absence, nicolae_overflow_hidden_temple, first_ration
D:5:      minmay_temple_entry_fiery, serial_shops, shop,
          minmay_gold_behind_fungi, uniq_prince_ribbit1, uniq_sigmund
D:6:      minitemple, uniq_edmund
D:7:      eino_tiny_chamber
D:8:      dk_rats_in_the_wall, uniq_pikel, uniq_grum
D:9:      hangedman_cross_stitches, lair_entry_dummy, david_orc_5, basic_altar
Lair:1:   lemuel_fruit_tree
Lair:2:   shoals_dummy_entry, kennysheep_abandoned_house
Lair:3:   spider_nest_entry_web_field, beast_lair_carwin_4

Skill      XL: |  1  2  3  4  5  6  7  8  9 10 11 12 |
---------------+-------------------------------------+-----
Fire Magic     | 4 5 6 7 8 10 12 | 12.2
Conjurations   | 2 3 4 6 8 9 10 11 | 11.0
Spellcasting   | 4 5 7 9 11 12 14 | 14.7
Stealth        | 3 4 5 |  5.1
Dodging        | 3 4 |  4.7
Fighting       | 1 |  1.6
Translocations | 1 |  1.5

Action                   |  1- 3 |  4- 6 |  7- 9 | 10-12 || total
-------------------------+-------+-------+-------+-------++-------
Melee: Unarmed           |     1 |     1 |     1 |       ||     3
       Spear             |       |       |     7 |       ||     7
 Cast: Flame Tongue      |    78 |   141 |   220 |   146 ||   585
       Conjure Flame     |       |     2 |     9 |     1 ||    12
       Throw Flame       |       |     4 |    15 |    24 ||    43
       Sticky Flame      |       |     2 |    21 |    47 ||    70
       Fireball          |       |       |    19 |    60 ||    79
       Blink             |       |       |       |     2 ||     2
  Use: Potion            |       |       |       |     1 ||     1
       Scroll            |       |       |       |    13 ||    13
 Stab: Distracted        |       |       |     1 |       ||     1
  Eat: Chunk             |     1 |     9 |    14 |    11 ||    35
       Ration            |       |       |     2 |     3 ||     5
Armor: Robe              |    18 |     3 |     8 |    11 ||    40
Dodge: Dodged            |    52 |    29 |    82 |    43 ||   206

Table legend:
 A = Spawn XP
 B = Non-spawn XP
 C = Spawn XP percentage of total XP
 D = Spawn monster count
 E = Non-spawn monster count
 F = Spawn count percentage of total count
 G = Total turns spent on level
                    A         B        C        D         E        F      G
               +---------+---------+-------+---------+---------+-------+---------
         Total |       0 |   22501 |   0.0 |       0 |     308 |   0.0 | 15012
               +---------+---------+-------+---------+---------+-------+---------
           D:1 |       0 |      41 |   0.0 |       0 |      24 |   0.0 |  1118
           D:2 |       0 |     159 |   0.0 |       0 |      32 |   0.0 |  1246
           D:3 |       0 |      54 |   0.0 |       0 |      23 |   0.0 |  1330
           D:4 |       0 |     623 |   0.0 |       0 |      34 |   0.0 |   923
           D:5 |       0 |     931 |   0.0 |       0 |      15 |   0.0 |  1289
           D:6 |       0 |     644 |   0.0 |       0 |      17 |   0.0 |  1641
           D:7 |       0 |     949 |   0.0 |       0 |      27 |   0.0 |  1343
           D:8 |       0 |    2287 |   0.0 |       0 |      23 |   0.0 |  1457
           D:9 |       0 |    4451 |   0.0 |       0 |      44 |   0.0 |  1584
        Lair:1 |       0 |    4250 |   0.0 |       0 |      18 |   0.0 |   933
        Lair:2 |       0 |    3982 |   0.0 |       0 |      30 |   0.0 |  1409
        Lair:3 |       0 |    4130 |   0.0 |       0 |      21 |   0.0 |   739
               +---------+---------+-------+---------+---------+-------+---------
